 Dungeon Crawl Stone Soup version 0.31-a0-986-g5e6e4ef867 (webtiles) character file.

Game seed: 6008483406226287135

28308 grandjackal the Warrior (level 13, -3/121 HPs)
             Began as a Demonspawn Gladiator on Nov 17, 2023.
             Was an Initiate of Ru.
             Killed by divine providence
             ... invoked by an orc high priest
              (12 damage)
             ... on level 1 of the Orcish Mines.
             The game lasted 00:22:16 (14333 turns).

grandjackal the Warrior (Demonspawn Gladiator)     Turns: 14333, Time: 00:22:17

Health: -3/121     AC: 13    Str: 19    XL:     13   Next: 9%
Magic:  0/22       EV: 12    Int:  9    God:    Ru [......]
Gold:   511        SH:  0    Dex: 14    Spells: 12/12 levels left

rFire   + . .        J - +5 scimitar
rCold   + . .        (no shield)
rNeg    + + .        r - +5 ring mail of Ban Ijitz {Contam rPois rF+ rN++}
rPois   +            (helmet restricted)
rElec   .            p - scarf {repulsion}
rCorr   .            (no gloves)
SInv    .            E - +2 pair of boots {Stlth+}
Will    .....        (no amulet)
Stlth   ++           a - ring of protection from cold
HPRegen 0.40/turn    D - ring of magical power
MPRegen 0.36/turn

%: repel missiles, guardian spirit
@: no status effects
A: horns 1, clumsy 1, spiny 3, magic shield, magic regeneration, weakness
stinger 1, demonic touch 2, no forms
a: Renounce Religion


You were on level 1 of the Orcish Mines.
You worshipped Ru.
Ru was noncommittal.
You visited 3 branches of the dungeon, and saw 16 of its levels.

You collected 960 gold pieces.
You spent 449 gold pieces at shops.

Inventory:

Hand Weapons
 h - the +9 rapier of Yveuczuu {protect, rN+}
   (You found it on level 10 of the Dungeon)

   rN+:       It protects you from negative energy.
 v - a +0 dagger of protection
 G - a +0 scimitar
 H - a +0 dagger of draining
 J - a +5 scimitar (weapon)
Missiles
 d - 4 throwing nets
 e - 9 javelins
 i - 24 boomerangs (quivered)
Armour
 p - a scarf of repulsion (worn)
 r - the +5 ring mail of Ban Ijitz (worn) {Contam rPois rF+ rN++}
   (You found it on level 3 of the Dungeon)

   rF+:       It protects you from fire.
   rPois:     It protects you from poison rN++: It greatly protects you from
   negative energy.
   Contam:    It causes magical contamination when unequipped.
 E - a +2 pair of boots of stealth (worn)
 P - a scarf of harm
Jewellery
 a - a ring of protection from cold (left hand)
 b - a ring of ice
 j - a ring of wizardry
 k - a ring of willpower
 q - a ring of fire
 D - a ring of magical power (right hand)
 I - a ring of magical power
 K - the ring "Lunuurr" {Contam *Slow +Blink rCorr Int+9}
   (You took it off an orc priest on level 9 of the Dungeon)

   [ring of resist corrosion]

   Int+9:     It affects your intelligence (+9).
   +Blink:    It lets you blink.
   Contam:    It causes magical contamination when unequipped.
   rCorr:     It protects you from acid and corrosion.
   *Slow:     It may slow you when you take damage.
 N - a ring of flight
 U - an amulet of magic regeneration
 V - a ring of resist corrosion
Wands
 s - a wand of charming (30)
 y - a wand of mindburst (3)
 z - a wand of flame (18)
 S - a wand of iceblast (4)
Scrolls
 c - 4 scrolls of fear
 f - 7 scrolls of teleportation
 l - 4 scrolls of vulnerability
 n - 2 scrolls of summoning {unknown}
 A - a scroll of poison {unknown}
 B - 2 scrolls of revelation {unknown}
 C - 2 scrolls of brand weapon {unknown}
 F - 2 scrolls of enchant armour
 M - 2 scrolls of enchant weapon
 R - 2 scrolls of blinking {unknown}
 T - a scroll of silence {unknown}
 W - a scroll of torment
Potions
 g - a potion of mutation
 m - 2 potions of brilliance
 o - 2 potions of enlightenment
 t - 3 potions of ambrosia
 w - 7 potions of curing
 x - a potion of attraction
 L - a potion of magic
 Q - a potion of invisibility
Miscellaneous
 O - a lightning rod (4/4)


   Skills:
 * Level 17.6 Fighting
 + Level 12.3 Long Blades
 - Level 2.0 Throwing
 - Level 3.0 Armour
 - Level 3.0 Dodging


You had 12 spell levels left.
You didn't know any spells.
Your spell library contained the following spells:

 Spells                   Type           Power      Damage    Failure   Level
 Foxfire                  Conj/Fire      0%         2x1d4     56%         1
 Freeze                   Ice            0%         1d3       56%         1
 Kiss of Death            Conj/Necr      0%         2d5       56%         1
 Blink                    Tloc           0%         N/A       71%         2
 Ensorcelled Hibernation  Hex/Ice        0%         N/A       71%         2
 Lesser Beckoning         Tloc           0%         N/A       71%         2
 Momentum Strike          Conj/Tloc      0%         3d8       71%         2
 Passwall                 Tmut/Erth      0%         N/A       71%         2
 Poisonous Vapours        Pois/Air       0%         N/A       71%         2
 Static Discharge         Conj/Air       0%         3-3/arc   71%         2
 Confusing Touch          Hex            0%         N/A       90%         3
 Dazzling Flash           Conj/Hex       0%         N/A       90%         3
 Frozen Ramparts          Ice            0%         1d1       90%         3
 Gell's Gravitas          Tloc           0%         N/A       90%         3
 Hailstorm                Conj/Ice       0%         3d3       90%         3
 Mephitic Cloud           Conj/Pois/Air  0%         N/A       90%         3
 Swiftness                Air            0%         N/A       90%         3
 Teleport Other           Tloc           0%         N/A       90%         3
 Tukima's Dance           Hex            0%         N/A       90%         3
 Volatile Blastmotes      Fire/Tloc      0%         2d10      90%         3
 Airstrike                Air            0%         2d(0-16)  100%        4
 Dimensional Bullseye     Hex/Tloc       0%         N/A       100%        4
 Dispel Undead            Necr           0%         3d6       100%        4
 Iskenderun's Mystic Bla  Conj/Tloc      0%         2d3       100%        4
 Summon Lightning Spire   Summ/Air       0%         N/A       100%        4
 Freezing Cloud           Conj/Ice/Air   0%         6-21      100%        5
 Iskenderun's Battlesphe  Conj           0%         2d6       100%        5
 Bombard                  Conj/Erth      0%         9d1       100%        6
 Plasma Beam              Fire/Air       0%         2x1d10    100%        6
 Starburst                Conj/Fire      0%         6d3       100%        6
 Spellforged Servitor     Conj/Summ      0%         N/A       100%        7
 Maxwell's Capacitive Co  Air            0%         ∞         100%        8


Dungeon Overview and Level Annotations

Branches:
Dungeon (14/15)            Temple (1/1) D:7            Lair (0/5) D:11
    Orc (1/2) D:11
 Vaults: D:13-14

Altars:
Ashenzari
Cheibriados
Dithmenos
Fedhas
Gozag
Hepliaklqana
Kikubaaqudgha
Makhleb
Nemelex Xobeh
Okawaru
Qazlal
Ru
Sif Muna
Trog
Uskayaw
Vehumet
Wu Jian
Xom
Yredelemnul

Shops:
D:2 =   D:11 ?=*

Annotations:
D:8 1 runed translucent door, exclusion: oklob plant, p00ps00p's ghost, novice HOFi
D:10 Snorg


Innate Abilities, Weirdness & Mutations

You have a pair of small horns on your head.
You are clumsy. (Dex -2)
You are completely covered in sharp spines.
When hurt, damage is shared between your health and your magic reserves.
You regenerate magic rapidly.
You have a small tail.
Your touch may inflict irresistible damage on your foes.
You cannot voluntarily change form.


Message History

You kill the orc priest!
The orc wizard casts a spell.
The orc wizard flickers and vanishes!
The ogre hits you with a +0 giant spiked club!
* * * LOW HITPOINT WARNING * * *
You feel much better. Something hits you but does no damage.
The orc wizard is struck by your spines.
The orc wizard hits you with a +0 dagger.
* * * LOW HITPOINT WARNING * * *
The orc warrior hits you from afar with a +0 halberd!
* * * LOW HITPOINT WARNING * * *
The orc high priest mumbles some strange prayers to Beogh.
The orc is struck by your spines.
You kill the orc!
The sixfirhy is struck by your spines.
The sixfirhy hits you but does no damage.
Something hits you.
* * * LOW HITPOINT WARNING * * *
The orc warrior hits you but does no damage.
The orc high priest is struck by your spines.
The orc high priest hits you with a +2 heavy halberd.
* * * LOW HITPOINT WARNING * * *
Reactivating autopickup.
You feel a bit more experienced.
Items here: ))) [[[ ††.
Unknown command.
You slash the orc high priest! You headbutt the orc high priest.
You touch the orc high priest!
The orc high priest is severely wounded.
Something completely misses you. The orc wizard closely misses you.
The orc warrior is struck by your spines.
The orc warrior hits you with a +0 halberd.
* * * LOW HITPOINT WARNING * * *
The ogre is struck by your spines. The ogre hits you but does no damage.
Unknown command.
You slash the orc high priest!
The orc high priest is almost dead.
The orc high priest mumbles some strange prayers to Beogh against you.
Beogh smites you!
You die...

#. ###.### #.##>.#
###...$.### ....##
##.........##
$.....##...........#
.......#$.....)...##
.......#..§..##Oo).###
#..§..§.o..####@3...#
##§...§..§§###.oo..##
#....[o.Oo§.#....$.#
#$.o...§[..##....#.#
#...§§§[§§§§....##.#
.....####.§§..$...# #
....o #§.....#### ..oo
##$....# .o.. ###.###


You could see an orc high priest, a sixfirhy (summoned), an orc warrior, an ogre
and an orc wizard.

Vanquished Creatures
  Erolcha (D:10)
  3 boulder beetles
  A centaur warrior (D:14)
  2 two-headed ogres (D:9)
  An orc high priest (D:12)
  Urug (D:10)
  2 skeletal warriors
  2 orc knights (D:12)
  3 deep elf pyromancers
  3 ugly things
  An orc sorcerer (D:12)
  2 manticores (D:11)
  2 cyclopes
  A gargoyle (D:11)
  Maggie (D:10)
  Psyche (D:11)
  2 unseen horrors (D:12)
  2 komodo dragons
  3 kobold demonologists (D:11)
  3 meliai
  2 trolls
  A glass eye (D:9)
  2 raiju (D:10)
  4 slime creatures (D:12)
  A wyvern (D:10)
  2 shadows
  16 yaks
  Grum (D:11)
  3 steam dragons (D:9)
  5 wraiths
  3 vampire mosquitoes (D:12)
  3 water moccasins
  4 acid dragons
  10 orc warriors
  2 sky beasts (D:7)
  2 black bears (D:11)
  An ice beast (D:8)
  6 ogres
  4 wolves (D:11)
  9 centaurs
  A phantom (D:3)
  4 kobold brigands
  Blork the orc (D:4)
  7 bullfrogs
  3 gnoll sergeants
  4 scorpions
  11 wights
  6 killer bees
  An oklob sapling (D:7)
  9 howler monkeys
  2 electric eels (D:10)
  2 hounds
  11 orc priests
  A jelly (D:8)
  6 iguanas
  A sleepcap (D:5)
  12 orc wizards
  11 gnolls
  11 adders
  A shadow imp (D:6)
  A white imp (D:6)
  3 ufetubi (D:6)
  3 worms (D:2)
  4 dart slugs
  74 orcs
  9 endoplasms
  4 giant cockroaches
  9 goblins
  10 hobgoblins
  20 kobolds
  4 quokkas
  7 ball pythons
  4 bats
  6 frilled lizards
  6 rats
387 creatures vanquished.

Vanquished Creatures (others)
  2 orc knights (D:12)
  A human (D:10)
3 creatures vanquished.

Grand Total: 390 creatures vanquished

Notes
Turn   | Place    | Note
-------+----------+-------------------------------------------
     0 | D:1      | grandjackal the Demonspawn Gladiator began the quest for
                  | the Orb.
     0 | D:1      | Reached XP level 1. HP: 16/16 MP: 1/1
   210 | D:1      | Discovered your monstrous ancestry.
   210 | D:1      | Gained mutation: You have a pair of small horns on your
                  | head. [demonic ancestry]
   210 | D:1      | Reached XP level 2. HP: 22/22 MP: 2/2
   562 | D:2      | Gained mutation: You are partially covered in sharp spines.
                  | [demonic ancestry]
   562 | D:2      | Reached XP level 3. HP: 24/28 MP: 3/3
   780 | D:2      | Found Ceetom's Jewellery Shoppe.
   826 | D:2      | Reached skill level 1 in Armour
   826 | D:2      | Gained mutation: You regenerate magic rapidly. [demonic
                  | ancestry]
   826 | D:2      | Reached XP level 4. HP: 30/34 MP: 4/4
   965 | D:2      | Reached skill level 3 in Fighting
  1163 | D:3      | Noticed a phantom
  1166 | D:3      | Reached XP level 5. HP: 41/41 MP: 5/5
  1183 | D:3      | Killed a phantom
  1840 | D:3      | Identified the +5 ring mail of Ban Ijitz {Contam rPois rF+
                  | rN++}
  2092 | D:4      | Reached skill level 4 in Fighting
  2092 | D:4      | Gained mutation: You are mostly covered in sharp spines.
                  | [demonic ancestry]
  2092 | D:4      | Reached XP level 6. HP: 48/48 MP: 6/6
  2096 | D:4      | Noticed Blork the orc
  2104 | D:4      | Killed Blork the orc
  2407 | D:4      | Identified the +5 hand axe of Execution {antimagic, rElec
                  | rPois rF+ Dex-5}
  2556 | D:4      | Gained mutation: When hurt, damage is shared between your
                  | health and your magic reserves. [demonic ancestry]
  2556 | D:4      | Reached XP level 7. HP: 55/55 MP: 7/7
  2635 | D:4      | Reached skill level 5 in Fighting
  3052 | D:5      | Entered Level 5 of the Dungeon
  3197 | D:5      | Reached skill level 5 in Long Blades
  3253 | D:5      | Reached skill level 6 in Fighting
  3253 | D:5      | Found a hide-covered altar of Uskayaw.
  3253 | D:5      | Found a radiant altar of Vehumet.
  3361 | D:5      | Found a snail-covered altar of Cheibriados.
  3505 | D:5      | Gained mutation: You are completely covered in sharp
                  | spines. [demonic ancestry]
  3505 | D:5      | Reached XP level 8. HP: 49/65 MP: 6/8
  3669 | D:5      | Identified the +1 robe "Lener" {rF+ Str-5 Int+6 Archmagi}
  4021 | D:6      | Reached skill level 7 in Fighting
  4242 | D:6      | Identified the +0 flail of Qazlal's Benevolence {heavy,
                  | rPois Will+++ Dex+3 Stlth-}
  4368 | D:6      | Found an iron altar of Okawaru.
  4585 | D:6      | Reached skill level 8 in Fighting
  4964 | D:7      | Reached XP level 9. HP: 75/75 MP: 9/9
  4972 | D:7      | Reached skill level 9 in Fighting
  5191 | D:7      | Found a staircase to the Ecumenical Temple.
  5230 | Temple   | Entered the Ecumenical Temple
  5707 | D:8      | Found a runed translucent door.
  5824 | D:8      | Reached skill level 10 in Fighting
  5848 | D:8      | Noticed an angel
  5861 | D:8      | Found a shimmering altar of Xom.
  6229 | D:8      | Found a blossoming altar of Fedhas.
  6250 | D:8      | Noticed an oklob plant
  6350 | D:8      | Noticed p00ps00p's ghost (novice HOFi)
  6397 | D:8      | Reached skill level 11 in Fighting
  6766 | D:9      | Noticed a two-headed ogre
  6774 | D:9      | Killed a two-headed ogre
  6775 | D:9      | Reached XP level 10. HP: 88/88 MP: 10/10
  7129 | D:9      | Identified the ring "Lunuurr" {Contam *Slow +Blink rCorr
                  | Int+9}
  7134 | D:9      | Reached skill level 12 in Fighting
  7759 | D:9      | Noticed a two-headed ogre
  7767 | D:9      | Killed a two-headed ogre
  7768 | D:9      | Reached skill level 13 in Fighting
  7919 | D:10     | Entered Level 10 of the Dungeon
  7953 | D:10     | Noticed Snorg
  7969 | D:9      | Gained mutation: Your touch may inflict minor irresistible
                  | damage on your foes. [demonic ancestry]
  7969 | D:9      | Reached XP level 11. HP: 59/98 MP: 11/11
  8112 | D:10     | Found a sacrificial altar of Ru.
  8124 | D:10     | Became a worshipper of Ru the Awakened
  8129 | D:10     | Noticed Urug
  8137 | D:10     | Killed Urug
  8331 | D:10     | Noticed Erolcha
  8340 | D:10     | Killed Erolcha
  8363 | D:10     | Reached skill level 10 in Long Blades
  8364 | D:10     | Reached skill level 14 in Fighting
  8512 | D:10     | Noticed Maggie
  8519 | D:10     | Killed Maggie
  8616 | D:10     | Identified the +9 rapier of Yveuczuu {protect, rN+}
  8800 | D:10     | Found an opulent altar of Gozag.
  8840 | D:10     | Found a hazy altar of Hepliaklqana.
  9008 | D:10     | Found an ancient bone altar of Kikubaaqudgha.
  9154 | D:11     | Found Eqilott's Jewellery Shoppe.
  9184 | D:11     | Noticed a boulder beetle
  9200 | D:11     | Killed a boulder beetle
  9220 | D:11     | Found Rufoir's General Store.
  9223 | D:11     | Noticed Grum
  9233 | D:11     | Killed Grum
  9243 | D:11     | Gained mutation: You cannot voluntarily change form. [Ru
                  | sacrifice]
  9329 | D:11     | Bought a scroll of enchant weapon for 105 gold pieces
  9329 | D:11     | Bought a scroll of vulnerability for 56 gold pieces
  9329 | D:11     | Bought a scroll of teleportation for 42 gold pieces
  9365 | D:11     | Noticed Psyche
  9382 | D:11     | Killed Psyche
  9445 | D:11     | Found Muasihy's Magic Scroll Shoppe.
  9445 | D:11     | Found a staircase to the Orcish Mines.
  9454 | D:11     | Reached skill level 15 in Fighting
  9582 | D:11     | Bought a scroll of enchant armour for 90 gold pieces
  9582 | D:11     | Bought a scroll of amnesia for 48 gold pieces
  9582 | D:11     | Bought a scroll of teleportation for 36 gold pieces
  9582 | D:11     | Bought a scroll of teleportation for 36 gold pieces
  9582 | D:11     | Bought a scroll of teleportation for 36 gold pieces
  9615 | D:11     | Found a staircase to the Lair.
  9644 | D:11     | Noticed a boulder beetle
  9665 | D:11     | Killed a boulder beetle
  9666 | D:11     | Gained mutation: You have a small tail. [demonic ancestry]
  9666 | D:11     | Reached XP level 12. HP: 85/110 MP: 12/12
 10927 | D:12     | Noticed a boulder beetle
 10950 | D:12     | Killed a boulder beetle
 10951 | D:12     | Reached skill level 16 in Fighting
 11501 | D:12     | Noticed an orc warlord
 11502 | D:12     | Noticed an orc high priest
 11870 | D:12     | Killed an orc high priest
 12125 | D:12     | HP: 1/113 [meliai/+0 hand axe (10)]
 12378 | D:13     | Reached skill level 17 in Fighting
 12638 | D:13     | Gained mutation: You are clumsy. (Dex -2) [Ru sacrifice]
 13502 | D:14     | Identified the of Yteq
 13629 | D:14     | Noticed a centaur warrior
 13641 | D:14     | Killed a centaur warrior
 13718 | D:14     | Gained mutation: Your touch may inflict irresistible damage
                  | on your foes. [demonic ancestry]
 13718 | D:14     | Reached XP level 13. HP: 117/121 MP: 13/13
 13792 | D:14     | Noticed an ironbound thunderhulk
 14086 | Orc:1    | Entered Level 1 of the Orcish Mines
 14329 | Orc:1    | HP: 6/121 [ogre/+0 giant spiked club (15)]
 14333 | Orc:1    | Killed from afar by an orc high priest

Illustrated notes

Levels and vault maps discovered:
D:1:      spicycebolla_green_bress_n_ham_2, layout_rooms,
          chequers_serial_rivers_large_a
D:2:      layout_rooms, serial_shops, nicolae_shop_gaudy_bauble, minmay_circle_x
D:3:      layout_loops_corners, minmay_pentangle
D:4:      layout_basic, uniq_blork_the_orc
D:5:      layout_loops_ring, nicolae_overflow_quartered_altars
D:6:      layout_loops_ring, okawaru_trees_1, st_stairs_1
D:7:      layout_rooms, minmay_temple_entry_oklob
D:8:      minmay_skewed_foursquare, layout_cave_pools,
          grunt_temple_overflow_order_and_chaos_1, tgw_fedhas,
          ebering_ghost_reflecting_pool
D:9:      layout_stronghold, onia_ninara_cookie
D:10:     layout_loops_ring, elyvilon_altar_5, tgw_kikubaaqudgha,
          nicolae_overflow_crystal_walls, mainiacjoe_overflow_catwalk,
          nicolae_ru_great_annihilating_truth, minmay_misc_feat_x,
          nicolae_have_a_lightning_rod, uniq_maggie, uniq_erolcha, uniq_urug,
          uniq_snorg
D:11:     layout_cave_pods, due_lair_maze_entry_diamond, serial_shops, shop,
          nicolae_shop_pleasant_corner_grove, shop, uniq_psyche, uniq_grum
D:12:     layout_loops_corners, lightli_church_of_beogh
D:13:     layout_roguey
D:14:     layout_basic, hellmonk_vaults_keyhole, chequers_serial_rivers_room_a,
          eino_small_chamber_without_monster
Temple:   nicolae_temple_figure_zero
Orc:1:    layout_diamond_mine, basic_altar

Skill      XL: |  1  2  3  4  5  6  7  8  9 10 11 12 |
---------------+-------------------------------------+-----
Throwing       | 2 |  2.0
Dodging        | 3 |  3.0
Long Blades    | 3 4 5 6 8 9 11 12 | 12.3
Armour         | 1 2 3 |  3.0
Fighting       | 3 4 6 8 11 13 15 17 | 17.6

Action                     |  1- 3 |  4- 6 |  7- 9 | 10-12 | 13-15 || total
---------------------------+-------+-------+-------+-------+-------++-------
  Melee: Long sword        |    79 |   117 |   225 |       |       ||   421
         Headbutt          |    11 |    24 |    55 |   119 |    10 ||   219
         Punch             |     1 |     1 |     2 |     7 |     1 ||    12
         Scimitar          |       |       |    19 |   393 |    40 ||   452
         Touch             |       |       |       |    68 |    11 ||    79
         Tailslap          |       |       |       |    35 |     6 ||    41
  Throw: Boomerang         |       |       |     5 |     2 |       ||     7
 Invoke: Sacrifice Forms   |       |       |       |     1 |       ||     1
         Sacrifice Purity  |       |       |       |     1 |       ||     1
  Evoke: Wand              |       |       |       |    18 |       ||    18
         Lightning rod     |       |       |       |     4 |       ||     4
    Use: Scroll            |       |       |       |    15 |     1 ||    16
         Potion            |       |       |       |     2 |     2 ||     4
   Stab: Distracted        |       |       |     1 |     2 |       ||     3
         Paralysed         |       |       |       |     1 |       ||     1
         Sleeping          |       |       |       |     2 |       ||     2
 Armour: Leather armour    |     9 |       |       |       |       ||     9
         Ring mail         |    32 |    79 |   189 |   360 |    63 ||   723
  Dodge: Dodged            |    43 |    61 |   161 |   243 |    31 ||   539
         Repelled          |       |       |       |     1 |     1 ||     2

Table legend: (Time is in decaauts)
 A = Elapsed time spent in this place.
 B = Non-inter-level travel time spent in this place.
 C = Inter-level travel time spent in this place.
 D = Time resting spent in this place.
 E = Time spent auto-exploring this place.
 F = Levels seen in this place.
 G = Mean time per level.
                   A        B        C        D        E       F      G
               +--------+--------+--------+--------+--------+-----+--------+
         Total |  14351 |  13884 |    467 |   3351 |   7913 |  16 |  896.9 |
       Dungeon |  14148 |  13682 |    466 |   3226 |   7913 |  14 | 1010.6 |
        Temple |    157 |    157 |      0 |    125 |      0 |   1 |  157.0 |
  Orcish Mines |     45 |     45 |      0 |      0 |      0 |   1 |   45.0 |
               +--------+--------+--------+--------+--------+-----+--------+

Top non-repeatable levels by time:
    D:12: 2439 daAuts
    D:11: 1473 daAuts
     D:9: 1459 daAuts
    D:10: 1079 daAuts
     D:3: 1040 daAuts
     D:4: 1021 daAuts
     D:8: 891 daAuts
     D:5: 884 daAuts
     D:7: 880 daAuts
    D:13: 873 daAuts
     D:6: 746 daAuts
     D:2: 539 daAuts
     D:1: 510 daAuts
    D:14: 309 daAuts
  Temple: 157 daAuts
